 Dungeon Crawl Stone Soup version 0.31.0-11-ge490571c62 (webtiles) character file.

Game seed: 7667706982901188947

234 qw the Ducker (level 5, 0/26 HPs)
             Began as a Spriggan Hunter on Feb 4, 2024.
             Succumbed to a killer bee's poison
             ... on level 4 of the Dungeon.
             The game lasted 00:00:11 (1988 turns).

qw the Ducker (Spriggan Hunter)                     Turns: 1988, Time: 00:00:12

Health: 0/26       AC:  3    Str:  7    XL:     5   Next: 75%
Magic:  6/6        EV: 21    Int: 10    God:
Gold:   160        SH:  0    Dex: 21    Spells: 4/4 levels left

rFire   . . .        a - +0 shortbow (drain)
rCold   . . .        (shield currently unavailable)
rNeg    . . .        c - +0 robe
rPois   .            (helmet restricted)
rElec   .            d - +0 cloak
rCorr   .            (gloves unavailable)
SInv    +            (boots unavailable)
Will    .....        (no amulet)
Stlth   ++           (no ring)
HPRegen 0.24/turn    (no ring)
MPRegen 0.10/turn

%: no passive effects
@: lethally poisoned (0 -> -4), very quick
A: very small, no large weapons, unfitting armour, see invisible, speed 3
a: no special abilities


You were on level 4 of the Dungeon.
You visited 1 branch of the dungeon, and saw 4 of its levels.

You collected 160 gold pieces.


Innate Abilities, Weirdness & Mutations

You are very small and have problems with some larger weapons.
You are too small for most types of armour.
You have supernaturally acute eyesight. (SInv)
You cover ground extremely quickly. (Speed+++)


   Skills:
 - Level 2.2 Fighting
 + Level 5.5 Ranged Weapons
 - Level 5.8 Dodging
 - Level 1.5 Stealth


You had 4 spell levels left.
You didn't know any spells.
Your spell library was empty.

Inventory:

Hand Weapons
 a - a +0 shortbow of draining (weapon)
Armour
 c - a +0 robe (worn)
 d - a +0 cloak (worn)
Jewellery
 e - an amulet of guardian spirit
Wands
 b - a wand of flame (21)
Potions
 f - 2 potions of mutation
 g - a potion of brilliance {unknown}
 i - 2 potions of haste {unknown}
 k - a potion of degeneration {unknown}

Dungeon Overview and Level Annotations

Branches:
Dungeon (4/15)
 Temple: D:4-7

Altars:
Ashenzari
Fedhas
Makhleb


Message History

The killer bee attacks as it pursues you!
The killer bee stings you!
The killer bee attacks as it pursues you!
The killer bee completely misses you.
There is an open door here.
Enter note:
Enter note:
Enter note: You shoot an arrow.
The arrow misses the killer bee.
The killer bee stings you but does no damage.
The killer bee completely misses you. The killer bee barely misses you.
The killer bee misses you. The killer bee stings you.
The killer bee barely misses you.
You shoot an arrow. The arrow hits the killer bee!
You drain the killer bee.
The killer bee is almost dead.
The killer bee misses you.
The killer bee completely misses you. x2
The killer bee barely misses you. The killer bee misses you.
The killer bee closely misses you.
You shoot an arrow. The arrow misses the killer bee.
The killer bee completely misses you. The killer bee misses you. x2
The killer bee completely misses you. The killer bee misses you.
The killer bee stings you. The killer bee misses you.
1985 ||| DRINKING potion of heal wounds.
You feel much better. The killer bee stings you!
You are poisoned.
The killer bee poisons you! The killer bee barely misses you.
The killer bee misses you. x2; The killer bee barely misses you.
The killer bee closely misses you.
You shoot an arrow. The arrow hits the killer bee!
You drain the killer bee.
The killer bee is almost dead.
You feel very sick. The killer bee closely misses you.
The killer bee barely misses you. x2
The killer bee stings you!
You shoot an arrow. The arrow misses the killer bee.
You feel sick. The killer bee closely misses you. The killer bee stings you.
The killer bee misses you. The killer bee completely misses you.
The killer bee stings you. The killer bee barely misses you.
You shoot an arrow. The arrow misses the killer bee.
You die...

#.........#
#########.(.......#
+##...........[.....#
.....>..............#
....................'.
....................#.
.........y..........#
........yyyy........#
...##+###@###########
.. #..........# .
#..........#
#..........#
#....##....#
#....##....###.
#.....#........ #.
#.....#........ #.
#.....#........ +.


You could see 5 killer bees.

Vanquished Creatures
  A scorpion (D:4)
  A killer bee (D:4)
  A bombardier beetle (D:4)
  Jessica (D:2)
  2 adders
  A dart slug (D:4)
  3 orcs
  3 ball pythons
  2 endoplasms (D:2)
  4 goblins
  5 hobgoblins
  4 jackals (D:3)
  2 quokkas (D:1)
  3 bats (D:2)
  5 frilled lizards
  7 kobolds
  9 rats
54 creatures vanquished.

Notes
Turn   | Place    | Note
-------+----------+-------------------------------------------
     0 | D:1      | qw the Spriggan Hunter began the quest for the Orb.
     0 | D:1      | Reached XP level 1. HP: 10/10 MP: 2/2
     0 | D:1      | 0 ||| qw: Version: 0.3-a-160-g6735b56
     0 | D:1      | 0 ||| qw: Game counter: 5314
     0 | D:1      | 0 ||| qw: Melee chars always use a shield: true
     0 | D:1      | 0 ||| qw: God list: Okawaru
     0 | D:1      | 0 ||| qw: Allow faded altars: false
     0 | D:1      | 0 ||| qw: Do Orc after clearing Dungeon:15 true
     0 | D:1      | 0 ||| qw: Do second Lair branch before Depths: true
     0 | D:1      | 0 ||| qw: Lair rune preference: random
     0 | D:1      | 0 ||| qw: Goals: Normal
     0 | D:1      | 0 ||| PLANNING D:1-11
    80 | D:1      | Reached skill level 3 in Dodging
   331 | D:1      | Reached XP level 2. HP: 14/14 MP: 3/3
   550 | D:1      | 550 ||| UPGRADING to +0 cloak.
   555 | D:1      | 555 ||| DROPPING scroll of butterflies.
   624 | D:2      | Noticed Jessica
   630 | D:2      | Killed Jessica
   631 | D:2      | Reached XP level 3. HP: 18/18 MP: 4/4
   744 | D:2      | Found a blossoming altar of Fedhas.
   962 | D:2      | Found a faded altar of an unknown god.
  1051 | D:2      | 1051 ||| DROPPING ring of magical power.
  1052 | D:2      | 1052 ||| DROPPING +6 ring of intelligence.
  1053 | D:2      | 1053 ||| READING 4 scrolls labelled JYESTR BOAWAIB.
  1053 | D:2      | 1053 ||| IDENTIFYING clear potion
  1054 | D:2      | 1054 ||| READING 3 scrolls of identify.
  1054 | D:2      | 1054 ||| IDENTIFYING 2 lumpy white potions
  1055 | D:2      | 1055 ||| READING 2 scrolls of identify.
  1055 | D:2      | 1055 ||| IDENTIFYING scroll labelled VEKKOG NOFUH
  1056 | D:2      | 1056 ||| READING scroll of identify.
  1056 | D:2      | 1056 ||| IDENTIFYING scroll labelled XUQEGY UHAAXIH
  1057 | D:2      | 1057 ||| DROPPING scroll of vulnerability.
  1058 | D:2      | 1058 ||| DROPPING scroll of poison.
  1092 | D:3      | Found a broken altar of Ashenzari.
  1193 | D:3      | Reached XP level 4. HP: 22/22 MP: 5/5
  1423 | D:3      | Found a burning altar of Makhleb.
  1563 | D:3      | 1563 ||| READING scroll labelled FOLOIXU XAPSIENI.
  1564 | D:3      | 1564 ||| FLEEEEING.
  1684 | D:3      | 1684 ||| READING scroll of identify.
  1684 | D:3      | 1684 ||| IDENTIFYING purple potion
  1685 | D:3      | 1685 ||| READING scroll labelled MEFROU HIOK.
  1685 | D:3      | 1685 ||| BRANDING +0 shortbow.
  1686 | D:3      | 1686 ||| READING scroll labelled XALI LY QESM.
  1687 | D:3      | 1687 ||| READING scroll labelled QAAFRU WOUSUBBUP.
  1791 | D:3      | 1791 ||| DROPPING potion of magic.
  1822 | D:4      | Noticed a scorpion
  1832 | D:4      | Killed a scorpion
  1833 | D:4      | Reached XP level 5. HP: 22/25 MP: 6/6
  1966 | D:4      | 1966 ||| RETREEEEATING.
  1967 | D:4      | 1967 ||| RETREEEEATING.
  1970 | D:4      | 1970 ||| RETREEEEATING.
  1971 | D:4      | 1971 ||| RETREEEEATING.
  1972 | D:4      | 1972 ||| RETREEEEATING.
  1973 | D:4      | 1973 ||| RETREEEEATING.
  1974 | D:4      | 1974 ||| RETREEEEATING.
  1975 | D:4      | 1975 ||| RETREEEEATING.
  1976 | D:4      | 1976 ||| RETREEEEATING.
  1977 | D:4      | 1977 ||| RETREEEEATING.
  1978 | D:4      | 1978 ||| RETREEEEATING.
  1979 | D:4      | 1979 ||| RETREEEEATING.
  1980 | D:4      | 1980 ||| RETREEEEATING.
  1981 | D:4      | 1981 ||| RETREEEEATING.
  1984 | D:4      | HP: 5/26 [killer bee (2)]
  1985 | D:4      | 1985 ||| DRINKING potion of heal wounds.
  1987 | D:4      | HP: 2/26 [killer bee (4)]
  1988 | D:4      | Succumbed to a killer bee's poison

Levels and vault maps discovered:
D:1:      lemuel_arrival_funnel, layout_loops_cross
D:2:      layout_rooms, ebering_ecumenical_altar_hall, basic_altar,
          minmay_crystal_room, uniq_jessica
D:3:      layout_basic, lightli_temple_of_fire,
          mainiacjoe_overflow_six_doors_small, minmay_misc_feat_diagonals
D:4:      layout_gridville, item_on_display_a

Skill      XL: |  1  2  3  4  5 |
---------------+----------------+-----
Dodging        | 3 4 5 |  5.8
Ranged Weapons | 5 |  5.5
Fighting       | 2 |  2.2
Stealth        | |  1.5

Action                     |  1- 3 |  4- 6 || total
---------------------------+-------+-------++-------
   Fire: Shortbow          |    98 |    75 ||   173
    Use: Scroll            |     4 |     5 ||     9
         Potion            |       |     1 ||     1
 Armour: Robe              |     7 |    25 ||    32
  Dodge: Dodged            |    33 |    74 ||   107

Table legend:
 A = Non-vault XP
 B = Vault XP
 C = Vault XP percentage of total XP
 D = Non-vault monster count
 E = Vault monster count
 F = Vault count percentage of total count
                 A         B        C        D         E       F
            +---------+---------+-------+---------+---------+-------
      Total |     298 |      37 |  11.0 |      53 |       1 |   1.9
            +---------+---------+-------+---------+---------+-------
        D:1 |      14 |       0 |   0.0 |       9 |       0 |   0.0
        D:2 |      41 |      37 |  47.4 |      21 |       1 |   4.5
        D:3 |      27 |       0 |   0.0 |      15 |       0 |   0.0
        D:4 |     216 |       0 |   0.0 |       8 |       0 |   0.0
            +---------+---------+-------+---------+---------+-------
